 Seeded DCSS version 0.30.1-9-gdf580d7c3d (webtiles) character file.

Game seed: 6351066067085065685 (custom seed)

214096 Esekla the Sorcerer (level 17, -8/103 HPs)
             Began as a Deep Elf Wanderer on Oct 22, 2023.
             Was the Champion of Vehumet.
             Shot with an arrow by a satyr (14 damage)
             ... on level 4 of the Shoals.
             The game lasted 04:17:23 (27918 turns).

Esekla the Sorcerer (Deep Elf Wanderer)            Turns: 27918, Time: 04:17:24

Health: -8/103     AC: 24    Str:  9    XL:     17   Next: 83%
Magic:  35/44      EV: 13    Int: 33    God:    Vehumet [******]
Gold:   792        SH:  0    Dex: 11    Spells: 5/59 levels left

rFire   + + .        a - +12 pair of quick blades "Gyre" and "Gimble" {protect}
rCold   + . .        (shield currently unavailable)
rNeg    + . .        X - +1 ring mail "Uronn" {rF+ Regen+ Int+3}
rPois   +            L - +2 helmet {Int+3}
rElec   +            U - +2 cloak
rCorr   .            V - +2 pair of gloves "Seteklek" {rF+ rC+}
SInv    .            l - +2 pair of boots {rampage}
Will    +....        z - amulet of magic regeneration
Stlth   ++           m - ring of Greed {rElec rPois rN+ AC+4 Str-2}
HPRegen 1.17/turn    P - ring of the Mage {Wiz Archmagi}
MPRegen 0.69/turn

%: rampage, wizardry (x1), archmagi
@: freezing walls, studying Fighting
A: no striking features
}: 2/15 runes: barnacled, gossamer
a: Renounce Religion


You were on level 4 of the Shoals.
You worshipped Vehumet.
Vehumet was exalted by your worship.
You visited 6 branches of the dungeon, and saw 28 of its levels.
You also visited: Trove and Bailey.

You collected 4784 gold pieces.
You spent 3992 gold pieces at shops.

Inventory:

Hand Weapons
 a - the +12 pair of quick blades "Gyre" and "Gimble" (weapon) {protect}
   (You found it in a treasure trove)
 c - a +4 great sword
 f - a +4 scimitar of flaming
 r - a +4 trident of venom
 s - the +8 arc blade {discharge, rElec}
   (You bought it in a shop on level 4 of the Dungeon)

   rElec:     It insulates you from electricity.
Missiles
 p - 22 boomerangs (quivered)
 I - 57 poisoned darts
 M - 6 curare-tipped darts
Armour
 l - a +2 pair of boots of rampaging (worn)
 H - a +2 robe of cold resistance
 L - a +2 helmet of intelligence (worn)
 O - the +1 animal skin "Kougi" {rPois rF++ MP+9}
   (You found it on level 2 of the Shoals)

   rF:        It greatly protects you from fire.
   rPois:     It protects you from poison.
   MP:        It affects your magic capacity (+9).
 U - a +2 cloak (worn)
 V - the +2 pair of gloves "Seteklek" (worn) {rF+ rC+}
   (You found it in a treasure trove)

   rF:        It protects you from fire.
   rC:        It protects you from cold.
 W - a scarf of repulsion
 X - the +1 ring mail "Uronn" (worn) {rF+ Regen+ Int+3}
   (You found it on level 4 of the Shoals)

   Int:       It affects your intelligence (+3).
   rF:        It protects you from fire.
   Regen:     It increases your rate of health regeneration.
Jewellery
 k - the ring of Descent {rPois rC+ Int+5 Stlth-}
   (You found it in a treasure trove)

   [ring of protection from cold]

   Int:       It affects your intelligence (+5).
   rC:        It protects you from cold.
   rPois:     It protects you from poison.
   Stlth:     It makes you less stealthy.
 m - the ring of Greed (left hand) {rElec rPois rN+ AC+4 Str-2}
   (You bought it in a shop on level 2 of the Dungeon)

   [ring of protection]

   AC:        It affects your AC (+4).
   Str:       It affects your strength (-2).
   rElec:     It insulates you from electricity.
   rPois:     It protects you from poison.
   rN:        It protects you from negative energy.
 x - a ring of see invisible
 z - an amulet of magic regeneration (around neck)
 N - the ring of Akemeir {Fire Str+4}
   (You found it in a treasure trove)

   [ring of fire]

   It enhances your fire magic.
   Str:       It affects your strength (+4).
   rF:        It protects you from fire.
   rC:        It makes you vulnerable to cold.
 P - the ring of the Mage (right hand) {Wiz Archmagi}
   (You bought it in a shop on level 2 of the Dungeon)

   [ring of wizardry]

   It improves your spell success rate.
   Archmagi:  It increases the power of your magical spells.
 Q - a ring of ice
Wands
 i - a wand of roots (26)
 v - a wand of quicksilver (3)
 A - a wand of flame (29)
 G - a wand of mindburst (9)
 R - a wand of digging (9)
Scrolls
 o - a scroll of amnesia
 q - 5 scrolls of blinking
 t - 5 scrolls of fog
 y - 2 scrolls of magic mapping
 B - 4 scrolls of fear
 C - 5 scrolls of enchant weapon
 D - 8 scrolls of teleportation
 F - 3 scrolls of poison
 J - 2 scrolls of silence
Potions
 b - 6 potions of lignification
 d - 3 potions of resistance
 e - 7 potions of ambrosia
 g - 3 potions of cancellation
 h - 5 potions of heal wounds
 j - 9 potions of curing
 n - 3 potions of might
 u - 12 potions of haste
 w - 5 potions of brilliance
 E - 7 potions of attraction
 S - 4 potions of magic
 T - 4 potions of flight


   Skills:
 * Level 10.3 Fighting
 - Level 8.2 Short Blades
 + Level 0.2(4.6) Long Blades
 + Level 2.7 Throwing
 - Level 7.1 Armour
 * Level 11.8 Dodging
 + Level 5.5 Stealth
 + Level 2.1 Shields
 * Level 21.7 Spellcasting
 + Level 8.1 Conjurations
 + Level 12.3 Necromancy
 + Level 6.0 Translocations
 + Level 5.2 Transmutations
 + Level 7.6 Fire Magic
 * Level 6.1 Ice Magic
 * Level 10.0 Air Magic
 * Level 9.7 Earth Magic
 - Level 7.2 Poison Magic
 + Level 1.0 Invocations
 + Level 1.1 Evocations


You had 5 spell levels left.
You knew the following spells:

 Your Spells              Type           Power      Damage    Failure   Level
b - Blink                 Tloc           100%       N/A       1%          2
c - Mephitic Cloud        Conj/Pois/Air  95%        N/A       1%          3
d - Vampiric Draining     Necr           100%       2d13      1%          3
f - Fireball              Conj/Fire      46%        3d18      1%          5
g - Ozocubu's Refrigerat  Ice            43%        4d17      14%         7
i - Irradiate             Conj/Tmut      44%        3d26      1%          5
l - Lee's Rapid Deconstr  Erth           50%        3d24*     1%          5
n - Ignite Poison         Fire/Tmut/Pois 88%        N/A       1%          3
p - Apportation           Tloc           100%       N/A       1%          1
r - Frozen Ramparts       Ice            100%       1d16      1%          3
v - Poisonous Vapours     Pois/Air       100%       N/A       1%          2
w - Wereblood             Tmut           81%        N/A       1%          2
x - Olgreb's Toxic Radia  Pois           90%        N/A       1%          4
y - Sticky Flame          Conj/Fire      93%        2d10      1%          4
z - Freezing Cloud        Conj/Ice/Air   46%        6-21      1%          5

Your spell library contained the following spells:

 Spells                   Type           Power      Damage    Failure   Level
 Iron Shot                Conj/Erth      48%        9d9       1%          6
 Necrotise                Necr           100%       1d9       0%          1
 Sublimation of Blood     Necr           100%       N/A       0%          2
 Foxfire                  Conj/Fire      100%       2x1d9     1%          1
 Magic Dart               Conj           100%       1d8       1%          1
 Sandblast                Erth           100%       2d20      1%          1
 Sting                    Tmut/Pois      100%       1d8       1%          1
 Lesser Beckoning         Tloc           100%       N/A       1%          2
 Passwall                 Tmut/Erth      75%        N/A       1%          2
 Static Discharge         Conj/Air       100%       2-7/arc   1%          2
 Gell's Gravitas          Tloc           85%        N/A       1%          3
 Hailstorm                Conj/Ice       90%        3d18      1%          3
 Portal Projectile        Hex/Tloc       100%       N/A       1%          3
 Spider Form              Tmut/Pois      86%        N/A       1%          3
 Stone Arrow              Conj/Erth      100%       3d13      1%          3
 Teleport Other           Tloc           85%        N/A       1%          3
 Vhi's Electric Charge    Tloc/Air       100%       N/A       1%          3
 Anguish                  Hex/Necr       43%        N/A       1%          4
 Ice Form                 Ice/Tmut       83%        N/A       1%          4
 Manifold Assault         Tloc           85%        N/A       1%          4
 Passage of Golubria      Tloc           85%        N/A       1%          4
 Petrify                  Tmut/Erth      91%        N/A       1%          4
 Agony                    Necr           100%       N/A       1%          5
 Arcjolt                  Conj/Air       48%        1d58      1%          5
 Summon Guardian Golem    Hex/Summ       52%        N/A       2%          3
 Summon Ice Beast         Ice/Summ       71%        N/A       2%          4
 Silence                  Hex/Air        40%        N/A       3%          5
 Cause Fear               Hex            26%        N/A       9%          4
 Summon Mana Viper        Hex/Summ       52%        N/A       22%         5
 Plasma Beam              Fire/Air       48%        2x1d68    1%          6
 Starburst                Conj/Fire      46%        6d13      1%          6
 Orb of Destruction       Conj           47%        9d12      8%          7
 Dispersal                Tloc           42%        N/A       11%         6
 Maxwell's Capacitive Co  Air            50%        ∞         22%         8
 Spellforged Servitor     Conj/Summ      38%        N/A       32%         7
 Borgnjor's Revivificati  Necr           54%        N/A       32%         8
 Lehudib's Crystal Spear  Conj/Erth      48%        10d12     32%         8
 Ignition                 Fire           46%        3d13      47%         8
 Necromutation            Tmut/Necr      48%        N/A       80%         8
 Disjunction              Tloc           42%        N/A       98%         8
 Summon Hydra             Summ           26%        N/A       99%         7


Dungeon Overview and Level Annotations

Branches:
Dungeon (12/15)            Temple (0/1) D:6            Lair (5/5) D:11
 Shoals (4/4) Lair:2       Spider (4/4) Lair:3        Slime (0/5) Lair:5
    Orc (2/2) D:10            Elf (1/3) Orc:2        Bailey (visited)

Altars:
Dithmenos
Fedhas
Hepliaklqana
Nemelex Xobeh
Okawaru
Qazlal
Ru
Trog
Uskayaw
Vehumet
Zin
The Shining One
Jiyva

Shops:
D:2 =   D:4 (   D:11 *   Orc:2 **[:   Shoals:2 (   Shoals:3 !

Portals:
Pandemonium: Orc:2

Annotations:
D:8 1 transporter


Message History

You feel a surge of power!
Poisonous vapours surround the manticore!
The manticore looks as sick as possible!
The satyr is poisoned.
A satyr comes into view. It is wielding a +0 club.
The satyr shoots an arrow.
The arrow hits you.
The satyr shoots an arrow.
The arrow hits you!!
Casting: Poisonous Vapours (safe; 1% risk of failure)
Confirm with . or Enter, or press ? or * to list all spells.
Aiming: Mephitic Cloud (safe; 1% risk of failure)
Press: ? - help, Shift-Dir - straight line, f - satyr
Aim: a satyr, wielding a +0 longbow (almost dead, poisoned, chance to affect: 43%)
You feel a surge of power!
The ball explodes into a vile cloud!
The stinking cloud engulfs the satyr but does no damage.
The satyr is almost dead.
The stinking cloud engulfs the satyr but does no damage.
The satyr looks even sicker.
The satyr is poisoned.
You kill the satyr!
Vehumet accepts your kill.
You feel your power returning.
Your toxic aura wanes.
You hear an angry hiss.
You hear a shout!
The satyr plays a lulling melody on his pipes!
You resist with significant effort.
Casting: Mephitic Cloud (safe; 1% risk of failure)
Confirm with . or Enter, or press ? or * to list all spells.
Aiming: Poisonous Vapours (safe; 1% risk of failure)
Press: ? - help, Dir - move target, f - satyr
Aim: a satyr, wielding a +0 club (noxious fumes, lightly wounded, poisoned)
You feel a surge of power!
Poisonous vapours surround the satyr!
The satyr looks as sick as possible!
The satyr is engulfed in noxious fumes.
The satyr unwields a +0 club.
The satyr wields a +0 longbow.
The satyr shoots an arrow.
The arrow hits you!!
The satyr shoots an arrow.
The arrow hits you!
* * * LOW HITPOINT WARNING * * *
You feel much better.
The satyr is engulfed in noxious fumes.
The satyr shoots an arrow.
The arrow hits you!!
* * * LOW HITPOINT WARNING * * *
The satyr shoots an arrow.
The arrow hits you!
You die...

....H.. c.c.... .. ....
....... 8.. ....
...cc.. #...##''####
..§☼~ ....#....#.###
.§§
.......#...##)####.≈
#...~.#.~.@†....≈≈≈
~#####.~..#..####...≈≈≈
~~#~~##..##..## ..≈≈≈
.#~~~..).....## #≈≈≈
.##†)~~........# ≈≈
###~)~##.#.#...†.... ≈
#~~~###..~.##......#
##~).#...~.........##
.#~~...~...~..##~.##


You could see 2 satyrs.

Vanquished Creatures
  Mara (Spider:3)
  Rupert (Lair:4)
  A kraken (Shoals:3)
  A sphinx (Shoals:4)
  Ilsuiw (Shoals:3)
  9 emperor scorpions
  A deep elf sorcerer (Elf:1)
  4 ghost moths
  An orc warlord (Orc:2)
  A broodmother (Spider:3)
  A deep elf demonologist (Elf:1)
  Azrael (Orc:2)
  2 deep elf annihilators (Elf:1)
  A minotaur (Shoals:4)
  2 spark wasps
  A deep elf death mage (Elf:1)
  3 merfolk javelineers (Shoals:3)
  3 merfolk impalers
  4 fire dragons
  5 entropy weavers
  A deep elf high priest (Elf:1)
  Harold (D:9)
  3 boulder beetles
  A demonspawn (Orc:2)
  3 merfolk aquamancers
  3 hydras
  3 radroaches
  9 satyrs
  A catoblepas (Lair:5)
  An alligator snapping turtle (Shoals:3)
  4 dancing weapons (Elf:1)
  3 jorogumos
  4 merfolk avatars
  3 two-headed ogres
  3 orc high priests (Orc:2)
  2 pharaoh ants
  A sun moth (Spider:1)
  Lodul (D:12)
  11 sea snakes
  4 skysharks
  10 orb spiders
  A deep elf archer (Elf:1)
  Pikel (D:6)
  A swamp dragon (Lair:5)
  25 harpies
  2 lindwurms (Lair:5)
  3 steelbarb worms
  An oklob plant (Lair:5)
  7 deep elf zephyrmancers (Elf:1)
  8 wolf spiders
  An ugly thing (D:12)
  23 fauns
  7 deep elf pyromancers (Elf:1)
  8 orc knights
  7 cyclopes
  10 orc sorcerers
  3 moths of wrath
  Joseph (D:7)
  A salamander (shapeshifter) (Elf:1)
  21 manticores
  6 merfolk sirens
  2 black mambas
  5 water nymphs
  7 torpor snails
  A smoke demon (Orc:2)
  9 elephants (Lair:5)
  2 gargoyles
  3 demonic crawlers
  11 cane toads
  Psyche (D:11)
  3 rime drakes
  15 komodo dragons
  A kobold demonologist (D:9)
  26 merfolk
  A red devil (Orc:2)
  A polar bear (D:12)
  9 tarantellas
  7 trolls
  12 hornets
  3 tyrant leeches (Lair:5)
  2 wind drakes
  5 blink frogs (Lair:1)
  7 snapping turtles
  11 jumping spiders
  4 centaur simulacra (D:11)
  33 yaks
  12 spriggans (Lair:3)
  An air elemental (Elf:1)
  A vampire (D:12)
  7 culicivoras
  4 water elementals
  A wraith (D:12)
  5 basilisks
  A chaos spawn (Orc:2)
  3 fire elementals (Orc:2)
  3 steam dragons
  5 wyverns
  26 redbacks
  Menkaure (D:7)
  2 wargs (Orc:2)
  2 acid dragons (Lair:5)
  6 ice beasts
  4 hell hounds (Orc:2)
  14 water moccasins
  2 swamp drakes (Lair:5)
  A sky beast (D:6)
  37 orc warriors
  2 black bears
  15 ogres
  2 centaurs
  3 boggarts (Lair:3)
  11 wolves
  A phantom (D:7)
  A lemure (D:6)
  Blork the orc (D:6)
  3 kobold brigands
  4 gnoll sergeants
  2 earth elementals
  10 bullfrogs
  3 scorpions
  10 wights
  20 killer bees
  2 howler monkeys (D:10)
  An electric eel (D:11)
  2 quasits (D:8)
  2 gnoll boudas
  6 hounds
  A jelly (D:6)
  Crazy Yiuf (D:7)
  25 orc priests
  A sleepcap (D:5)
  7 iguanas
  12 hell rats
  12 orc wizards
  30 gnolls
  9 adders
  3 shadow imps
  9 white imps
  4 ufetubi
  A worm (D:4)
  3 dart slugs
  80 orcs
  4 endoplasms
  9 goblins
  7 hobgoblins
  A quokka (D:1)
  3 training dummies (Shoals:2)
  6 ball pythons
  4 bats
  4 frilled lizards
  21 kobolds
  A rat (D:2)
  3 tentacles (Shoals:3)
934 creatures vanquished.

Vanquished Creatures (others)
  A wolf (D:11)
  9 tentacles (Shoals:3)
10 creatures vanquished.

Grand Total: 944 creatures vanquished

Notes
Turn   | Place    | Note
-------+----------+-------------------------------------------
     0 | D:1      | Esekla the Deep Elf Wanderer began the quest for the Orb.
     0 | D:1      | Esekla set off with the following items: a +0 club, a
                  | potion of lignification, a +0 robe, a +0 buckler; and the
                  | following spells available to memorise: Apportation, Blink,
                  | Lesser Beckoning, Magic Dart, Ignite Poison, Vampiric
                  | Draining.
     0 | D:1      | Reached XP level 1. HP: 10/10 MP: 7/7
     2 | D:1      | Learned a level 1 spell: Magic Dart
     4 | D:1      | Learned a level 1 spell: Apportation
   259 | D:2      | Found Renulab's Jewellery Shop.
   486 | D:4      | Found a radiant altar of Vehumet.
   494 | D:4      | Found an iron altar of Okawaru.
   505 | D:4      | Found a glowing silver altar of Zin.
   586 | D:4      | Became a worshipper of Vehumet
   782 | D:3      | Reached XP level 2. HP: 15/15 MP: 6/9
   785 | D:3      | Learned a level 2 spell: Blink
   969 | D:3      | Identified the +5 rapier of the Hero {heavy, rN+ Dex+3}
  1030 | D:2      | Reached skill level 5 in Spellcasting
  1089 | D:1      | Reached skill level 1 in Dodging
  1108 | D:1      | Reached XP level 3. HP: 19/19 MP: 5/11
  1112 | D:1      | Learned a level 3 spell: Vampiric Draining
  1166 | D:1      | Reached skill level 1 in Necromancy
  1202 | D:1      | Reached * piety under Vehumet
  1202 | D:1      | Offered knowledge of Sandblast by Vehumet.
  1606 | D:2      | Reached skill level 1 in Conjurations
  1667 | D:2      | Noticed a black bear
  1819 | D:3      | Reached XP level 4. HP: 19/24 MP: 10/13
  1928 | D:3      | Found a stormy altar of Qazlal.
  1952 | D:3      | Found a hazy altar of Hepliaklqana.
  1952 | D:3      | Found a bloodstained altar of Trog.
  2193 | D:2      | Reached skill level 1 in Short Blades
  2212 | D:2      | Found a faded altar of an unknown god.
  2239 | D:2      | Reached XP level 5. HP: 28/28 MP: 15/15
  2375 | D:5      | Entered Level 5 of the Dungeon
  2378 | D:5      | Got the Parchment of the Lumpy Olives
  2406 | D:5      | Found a shadowy altar of Dithmenos.
  2492 | D:5      | Reached skill level 6 in Spellcasting
  2523 | D:5      | Reached XP level 6. HP: 25/32 MP: 11/17
  2661 | D:5      | Reached skill level 7 in Spellcasting
  2862 | D:4      | Found Ponaysk's Antique Weapon Boutique.
  3038 | D:4      | Found a glowing golden altar of the Shining One.
  3156 | D:2      | Reached ** piety under Vehumet
  3195 | D:2      | Offered knowledge of Static Discharge by Vehumet.
  3203 | D:2      | Learned a level 2 spell: Static Discharge
  3290 | D:4      | Reached skill level 8 in Spellcasting
  3290 | D:4      | Reached XP level 7. HP: 36/36 MP: 17/20
  3793 | D:5      | Reached skill level 1 in Throwing
  3793 | D:5      | Reached skill level 9 in Spellcasting
  4016 | D:6      | Offered knowledge of Volatile Blastmotes by Vehumet.
  4017 | D:6      | Reached XP level 8. HP: 23/41 MP: 7/23
  4038 | D:6      | Found a blossoming altar of Fedhas.
  4155 | D:6      | Reached skill level 5 in Necromancy
  4199 | D:6      | Found a staircase to the Ecumenical Temple.
  4346 | D:6      | Noticed Blork the orc
  4357 | D:6      | Reached *** piety under Vehumet
  4362 | D:6      | Killed Blork the orc
  4456 | D:6      | Learned a level 3 spell: Ignite Poison
  4512 | D:6      | Noticed Pikel
  4700 | D:6      | Reached skill level 1 in Poison Magic
  4747 | D:7      | Found a runed translucent door.
  4748 | D:7      | Noticed Crazy Yiuf
  4754 | D:7      | Killed Crazy Yiuf
  4799 | D:7      | Reached skill level 10 in Spellcasting
  4799 | D:7      | Reached skill level 1 in Transmutations
  4799 | D:7      | Reached skill level 1 in Fire Magic
  4919 | D:7      | Noticed Menkaure
  4925 | D:7      | Killed Menkaure
  4926 | D:7      | Reached skill level 1 in Air Magic
  5039 | D:7      | Offered knowledge of Sticky Flame by Vehumet.
  5045 | D:7      | Learned a level 4 spell: Sticky Flame
  5201 | D:8      | Noticed a two-headed ogre
  5253 | D:8      | Found a transporter.
  5253 | D:8      | Found a transporter.
  5254 | D:8      | Found a transporter.
  5283 | D:8      | Found a transporter.
  5297 | D:8      | Found a hide-covered altar of Uskayaw.
  5483 | D:7      | Reached XP level 9. HP: 40/45 MP: 25/25
  5835 | D:7      | Noticed Joseph
  6091 | D:6      | Killed Pikel
  6239 | D:7      | Reached skill level 11 in Spellcasting
  6386 | D:8      | Reached **** piety under Vehumet
  6522 | D:7      | Offered knowledge of Hailstorm by Vehumet.
  6954 | D:7      | Reached skill level 5 in Dodging
  7034 | D:7      | Killed Joseph
  7162 | D:8      | Killed a two-headed ogre
  7163 | D:8      | Reached XP level 10. HP: 50/50 MP: 27/27
  7421 | D:9      | Found a flagged portal.
  7442 | Bailey   | Entered a bailey
  7533 | Bailey   | Reached ***** piety under Vehumet
  7584 | Bailey   | Identified the +2 bardiche of Puhoisos {heavy, rElec
                  | Stlth+}
  7632 | Bailey   | Offered knowledge of Lee's Rapid Deconstruction by Vehumet.
  7633 | Bailey   | Reached skill level 12 in Spellcasting
  7643 | Bailey   | Learned a level 5 spell: Lee's Rapid Deconstruction
  7751 | Bailey   | Noticed an orc knight
  7751 | Bailey   | Noticed an orc knight
  7785 | Bailey   | Killed an orc knight
  7798 | Bailey   | Killed an orc knight
  7799 | Bailey   | Reached skill level 1 in Earth Magic
  7921 | D:9      | Noticed a two-headed ogre
  7948 | D:9      | Killed a two-headed ogre
  8010 | D:9      | Found a sparkling altar of Nemelex Xobeh.
  8075 | D:9      | Reached skill level 1 in Fighting
  8231 | D:9      | Noticed a cyclops
  8244 | D:9      | Killed a cyclops
  8348 | D:9      | Reached XP level 11. HP: 57/57 MP: 27/29
  8566 | D:10     | Entered Level 10 of the Dungeon
  8602 | D:10     | Found a staircase to the Orcish Mines.
  8616 | Orc:1    | Entered Level 1 of the Orcish Mines
  8619 | Orc:1    | Noticed an orc knight
  8783 | D:10     | Reached skill level 5 in Conjurations
  8889 | D:10     | Found a sacrificial altar of Ru.
  9343 | D:10     | Reached skill level 1 in Armour
  9422 | D:10     | Killed an orc knight
  9423 | D:10     | Reached skill level 13 in Spellcasting
  9423 | D:10     | Reached skill level 5 in Fire Magic
  9671 | D:2      | Bought the ring of the Mage {Wiz Archmagi} for 714 gold
                  | pieces
  9671 | D:2      | Found the ring of the Mage {Wiz Archmagi}
 10116 | D:11     | Noticed Lodul
 10247 | D:11     | Found a staircase to the Lair.
 10322 | D:11     | Got Simple Magic
 10411 | D:12     | Learned a level 2 spell: Wereblood
 10505 | D:12     | Killed Lodul
 10667 | D:11     | Offered knowledge of Plasma Beam by Vehumet.
 10909 | D:11     | Reached XP level 12. HP: 66/66 MP: 31/31
 11037 | D:11     | Reached skill level 5 in Air Magic
 11077 | D:11     | Reached skill level 14 in Spellcasting
 11154 | D:11     | Found Fagafuf's Pet Rocks.
 11337 | D:12     | Learned a level 5 spell: Freezing Cloud
 11341 | D:12     | Learned a level 3 spell: Mephitic Cloud
 11344 | D:12     | Learned a level 2 spell: Poisonous Vapours
 11366 | D:12     | Found a portal to a secret trove of treasure.
 11486 | D:11     | Learned a level 5 spell: Fireball
 11578 | D:11     | Noticed Psyche
 11579 | D:11     | Noticed a two-headed ogre
 11591 | D:11     | Killed a two-headed ogre
 11596 | D:11     | Killed Psyche
 11739 | Trove    | Entered a treasure trove
 11744 | Trove    | Found the +8 mithril axe "Arga" {speed, Will+}
 11744 | Trove    | Found the +12 pair of quick blades "Gyre" and "Gimble"
                  | {protect}
 11748 | Trove    | Identified the ring of Akemeir {Fire Str+4}
 11752 | Trove    | Identified the +2 pair of gloves "Seteklek" {rF+ rC+}
 11773 | Trove    | Identified the ring of Descent {rPois rC+ Int+5 Stlth-}
 11782 | Trove    | Identified the +3 ring mail "Poady" {+Inv rF+ Dex+2 Slay-4}
 11938 | D:12     | Reached skill level 1 in Ice Magic
 12466 | D:9      | Noticed Harold
 12477 | D:9      | Killed Harold
 12754 | D:2      | Bought the ring of Greed {rElec rPois rN+ AC+4 Str-2} for
                  | 758 gold pieces
 12929 | Lair:1   | Entered Level 1 of the Lair of Beasts
 13318 | Lair:1   | Reached skill level 5 in Translocations
 13582 | Lair:1   | Reached skill level 10 in Necromancy
 13593 | Lair:1   | Reached skill level 5 in Fighting
 13734 | Lair:2   | Found a transporter.
 13734 | Lair:2   | Found a transporter.
 13735 | Lair:2   | Noticed a boulder beetle
 13735 | Lair:2   | Noticed a boulder beetle
 13750 | Lair:2   | Killed a boulder beetle
 13751 | Lair:2   | Reached skill level 5 in Earth Magic
 13756 | Lair:2   | Killed a boulder beetle
 14009 | Lair:2   | Reached XP level 13. HP: 73/73 MP: 27/33
 14420 | Lair:2   | Found a staircase to the Shoals.
 14572 | Lair:2   | You fall into a shaft and drop 2 floors!
 14592 | Lair:4   | Noticed Rupert
 14610 | Lair:4   | Reached skill level 5 in Poison Magic
 14634 | Lair:4   | Reached skill level 15 in Spellcasting
 14657 | Lair:3   | Found a hole to the Spider Nest.
 14780 | Lair:3   | Reached skill level 5 in Short Blades
 14793 | Lair:3   | Identified the +3 leather armour of Okawaru's Inspiration
                  | {Str+4}
 15720 | Lair:4   | Reached skill level 5 in Stealth
 16045 | Lair:4   | Killed Rupert
 16207 | Lair:5   | Entered Level 5 of the Lair of Beasts
 16384 | Lair:5   | Found a viscous altar of Jiyva.
 16384 | Lair:5   | Found a staircase to the Slime Pits.
 16446 | Lair:5   | Reached skill level 16 in Spellcasting
 16470 | Lair:5   | Reached XP level 14. HP: 80/80 MP: 11/36
 16963 | Lair:5   | Found a runed translucent door.
 17277 | Lair:5   | Got Utragud's Papyrus of the Inquisitive Olives
 17625 | Orc:2    | Entered Level 2 of the Orcish Mines
 17749 | Orc:2    | Found Roezostra's General Store.
 17762 | Orc:2    | Found Bamnuus's General Store.
 17773 | Orc:2    | Reached skill level 17 in Spellcasting
 17796 | Orc:2    | Noticed an orc warlord
 17816 | Orc:2    | Killed an orc warlord
 17877 | Orc:2    | Reached skill level 1 in Evocations
 18078 | Orc:2    | Found a staircase to the Elven Halls.
 18089 | Orc:2    | Noticed Azrael
 18190 | Orc:2    | Killed Azrael
 18403 | Orc:2    | Reached skill level 5 in Armour
 18589 | Orc:2    | Found Jyohez's Book Shop.
 18589 | Orc:2    | Found a one-way gate leading to the halls of Pandemonium.
 18589 | Orc:2    | Found Huzal's Antique Armour Boutique.
 18593 | Orc:2    | Bought a Young Poisoner's Handbook for 300 gold pieces
 18598 | Orc:2    | Learned a level 4 spell: Olgreb's Toxic Radiance
 18600 | Orc:2    | Bought a runed helmet for 270 gold pieces
 19005 | Elf:1    | Entered Level 1 of the Elven Halls
 19015 | Elf:1    | Reached XP level 15. HP: 86/86 MP: 38/38
 19056 | Elf:1    | Offered knowledge of Arcjolt by Vehumet.
 19167 | Elf:1    | Learned a level 3 spell: Frozen Ramparts
 19204 | Elf:1    | Noticed a deep elf sorcerer
 19206 | Elf:1    | Noticed a Brimstone Fiend
 19209 | Elf:1    | Killed a deep elf sorcerer
 19646 | Elf:1    | Reached skill level 18 in Spellcasting
 19976 | Spider:1 | Entered Level 1 of the Spider Nest
 19986 | Spider:1 | You fall into a shaft and drop 1 floor!
 20259 | Spider:1 | Identified the +1 pair of boots of Piysunuo {Str+3}
 20369 | Spider:1 | Reached skill level 10 in Dodging
 21501 | Spider:2 | Acquired 780 gold pieces
 21502 | Spider:2 | Acquired a book of Dangerous Friends
 21504 | Spider:2 | Acquired the Omnibus of Evolved Death
 21512 | Spider:2 | Learned a level 5 spell: Irradiate
 21796 | D:2      | Bought a ring of see invisible for 210 gold pieces
 21877 | D:4      | Bought the +8 arc blade {discharge, rElec} for 1740 gold
                  | pieces
 21877 | D:4      | Found the +8 arc blade {discharge, rElec}
 22841 | Spider:3 | Noticed an emperor scorpion
 22862 | Spider:3 | Killed an emperor scorpion
 22863 | Spider:3 | Reached XP level 16. HP: 85/95 MP: 36/40
 23072 | Spider:3 | Reached skill level 19 in Spellcasting
 23481 | Spider:4 | Entered Level 4 of the Spider Nest
 23481 | Spider:4 | Noticed Mara
 23487 | Spider:4 | Noticed Esekla's illusion
 23490 | Spider:4 | Offered knowledge of Ozocubu's Refrigeration by Vehumet.
 23759 | Spider:4 | Noticed Esekla's illusion
 23785 | Spider:3 | Killed Mara
 24406 | Spider:4 | Learned a level 7 spell: Ozocubu's Refrigeration
 25034 | Spider:4 | Got a gossamer rune of Zot
 25173 | Shoals:1 | Entered Level 1 of the Shoals
 25308 | Shoals:1 | You fall into a shaft and drop 1 floor!
 25339 | Shoals:2 | Reached skill level 20 in Spellcasting
 25346 | Shoals:2 | Reached ****** piety under Vehumet
 25453 | Shoals:1 | Offered knowledge of Eringya's Noxious Bog by Vehumet.
 25890 | Shoals:1 | Reached XP level 17. HP: 101/101 MP: 39/43
 26203 | Shoals:2 | Found Biskeott's Firing Range.
 26757 | Shoals:3 | Noticed a kraken
 26787 | Shoals:3 | Reached skill level 5 in Ice Magic
 26837 | Shoals:3 | Killed a kraken
 26874 | Shoals:3 | Noticed Ilsuiw
 26887 | Shoals:3 | Killed Ilsuiw
 27029 | Shoals:3 | Reached skill level 10 in Fighting
 27029 | Shoals:3 | Reached skill level 5 in Transmutations
 27048 | Shoals:3 | Found Zemonaik's Distillery.
 27072 | Shoals:3 | Reached skill level 21 in Spellcasting
 27500 | Shoals:2 | Identified the +1 animal skin "Kougi" {rPois rF++ MP+9}
 27513 | Shoals:4 | Entered Level 4 of the Shoals
 27586 | Shoals:4 | Identified the +1 ring mail "Uronn" {rF+ Regen+ Int+3}
 27674 | Shoals:4 | Offered knowledge of Iron Shot by Vehumet.
 27812 | Shoals:4 | Got Cuuv Rytt's Atlas of Hot Beguiling
 27812 | Shoals:4 | Got a barnacled rune of Zot
 27822 | Shoals:4 | Identified the ring "Pileq" {Ice Str+4 Dex+3 Slay+2}
 27912 | Shoals:4 | Reached skill level 10 in Air Magic
 27918 | Shoals:4 | Shot with an arrow by a satyr

Illustrated notes

Levels and vault maps discovered:
D:1:      sevenhm_arrival_forest_fort_small_3, layout_rooms,
          chequers_serial_rivers_room_b, minmay_misc_feat_five
D:2:      layout_loops_ring, dreamdust_ecumenical_altar_angels_and_demons,
          serial_shops, shop
D:3:      layout_basic, grunt_temple_overflow_open, minmay_misc_feat_iff
D:4:      layout_basic, nicolae_overflow_quartered_altars, serial_shops,
          nicolae_diamond_shop
D:5:      layout_loops_ring, lemuel_doored_altar, minmay_misc_feat_rows,
          dreamdust_wishing_well
D:6:      layout_loops_cross, fedhas_altar_fruit_tree,
          minmay_temple_entry_glass, uniq_pikel, uniq_blork_the_orc
D:7:      layout_basic, uniq_menkaure, uniq_joseph, uniq_crazy_yiuf_cottage
D:8:      layout_basic, nicolae_uskayaw_dance_hall, serial_demonic,
          serial_demonic_d, serial_demonic_a, serial_demonic_c,
          serial_demonic_c, nicolae_diode_quadrants
D:9:      layout_irregular_city, kennysheep_little_box, enter_bailey_4,
          minmay_between, uniq_harold
D:10:     layout_basic, nicolae_ru_awakened_eye
D:11:     layout_rooms, hellmonk_lair_entry_icy, serial_ice, serial_ice_j,
          serial_ice_m, serial_ice_o, serial_ice_c, serial_ice_g, serial_ice_f,
          guppyfry_shop_earth, uniq_psyche, uniq_lodul
D:12:     layout_roguey, nicolae_trove_entry_crossroad
Lair:1:   layout_small_grid
Lair:2:   gammafunk_boulding_lane, layout_small_grid, elwin_shoals_entry_rooms
Lair:3:   kb_forest_paths, layout_chaotic_city, spider_nest_entry_rubble
Lair:4:   layout_hall_layers, grunt_megastairs_3, lemuel_fruit_fields,
          uniq_rupert
Lair:5:   guppyfry_lair_end_dragon, layout_misc_corridors, wormcave,
          dpeg_slime_entry_enclosed
Shoals:1: layout_shoals, nicolae_shoals_nautilus_by_nature
Shoals:2: argonaut_golden_fleece, layout_shoals, nicolae_shop_firing_range
Shoals:3: layout_shoals, serial_shops, shop, nicolae_shoals_lost_giant_hut,
          uniq_ilsuiw
Shoals:4: shoals_end_hellmonk_lost_city, serial_shops
Spider:1: layout_spider_delve, nicolae_spider_some_kinda_spiderbox
Spider:2: layout_spider_delve, nicolae_spider_twisty_arc_passages
Spider:3: layout_chambers, nicolae_orb_stairs
Spider:4: grunt_spider_rune_circles, guppyfry_hornet_nest, uniq_mara
Orc:1:    layout_caves
Orc:2:    pf_orc_diabolical, layout_diamond_mine, uniq_azrael
Elf:1:    minmay_elf_arrival_plus, layout_loops_cross,
          kennysheep_underground_church

Skill      XL: |  1  2  3  4  5  6  7  8  9 10 11 12 13 14 15 16 17 |
---------------+----------------------------------------------------+-----
Spellcasting   | 5 6 8 9 10 11 12 13 14 16 17 18 20 21 | 21.7
Dodging        | 1 2 3 4 5 6 7 8 9 10 11 | 11.8
Necromancy     | 1 2 3 4 6 7 8 9 10 11 12 | 12.3
Conjurations   | 1 2 3 4 5 6 7 8 |  8.1
Short Blades   | 1 2 3 4 5 6 7 8 |  8.2
Stealth        | 2 3 4 5 |  5.5
Throwing       | 1 2 |  2.7
Translocations | 3 4 5 6 |  6.0
Poison Magic   | 1 4 6 7 |  7.2
Transmutations | 1 2 3 4 5 |  5.2
Fire Magic     | 1 3 4 5 6 7 |  7.6
Air Magic      | 1 2 3 4 5 6 8 9 10 | 10.0
Earth Magic    | 1 3 5 6 7 8 9 |  9.7
Shields        | 2 |  2.1
Fighting       | 2 3 5 6 7 8 9 10 | 10.3
Armour         | 1 3 4 5 6 7 |  7.1
Ice Magic      | 3 4 6 |  6.1
Evocations     | 1 |  1.1
Long Blades    | |  0.2
Invocations    | |  1.0

Action                     |  1- 3 |  4- 6 |  7- 9 | 10-12 | 13-15 | 16-18 || total
---------------------------+-------+-------+-------+-------+-------+-------++-------
  Melee: Short sword       |     9 |       |       |       |       |       ||     9
         Rapier            |    34 |    28 |   110 |    89 |       |       ||   261
         Dagger            |       |    20 |    99 |    42 |       |       ||   161
         Scimitar          |       |       |    17 |     3 |       |       ||    20
         Pair of quick bla |       |       |       |    67 |   276 |   249 ||   592
  Throw: Dart              |       |     7 |    48 |    68 |       |       ||   123
         Boomerang         |       |       |       |     4 |       |     2 ||     6
   Cast: Apportation       |    27 |    25 |    32 |    78 |    55 |    46 ||   263
         Magic Dart        |    47 |    44 |    86 |    14 |    28 |       ||   219
         Vampiric Draining |     2 |    15 |    79 |    67 |    24 |    29 ||   216
         Blink             |       |       |     4 |    17 |    12 |     9 ||    42
         Sticky Flame      |       |       |    15 |    65 |    25 |    27 ||   132
         Ignite Poison     |       |       |     8 |    33 |   143 |   114 ||   298
         Static Discharge  |       |       |       |    14 |     1 |       ||    15
         Lee's Rapid Decon |       |       |       |    19 |    22 |     5 ||    46
         Poisonous Vapours |       |       |       |    28 |   216 |   149 ||   393
         Freezing Cloud    |       |       |       |     6 |    37 |    20 ||    63
         Mephitic Cloud    |       |       |       |     6 |    16 |     5 ||    27
         Wereblood         |       |       |       |     5 |    19 |    15 ||    39
         Fireball          |       |       |       |     4 |     3 |     4 ||    11
         Olgreb's Toxic Ra |       |       |       |       |    16 |    26 ||    42
         Frozen Ramparts   |       |       |       |       |     1 |    24 ||    25
         Irradiate         |       |       |       |       |       |    10 ||    10
         Ozocubu's Refrige |       |       |       |       |       |     5 ||     5
  Evoke: Wand              |       |     1 |     7 |     5 |     4 |     4 ||    21
    Use: Scroll            |     1 |       |       |    17 |    12 |     7 ||    37
         Potion            |       |       |     1 |     1 |       |     4 ||     6
   Stab: Sleeping          |     4 |     4 |     6 |     9 |     8 |     5 ||    36
         Distracted        |       |       |       |     1 |     1 |       ||     2
         Confused          |       |       |       |     2 |     6 |       ||     8
 Armour: Robe              |    17 |    11 |    76 |       |       |       ||   104
         Steam dragon scal |       |       |     3 |    65 |       |       ||    68
         Troll leather arm |       |       |       |    52 |   123 |   235 ||   410
         Ring mail         |       |       |       |       |       |    43 ||    43
  Dodge: Dodged            |    42 |    31 |   194 |   238 |   151 |   292 ||   948
  Block: Buckler           |     9 |     8 |    47 |    71 |       |       ||   135
